[Event "Early-Titled-Tuesday-Blitz-April-23-2024"]
[Site "Chess.com"]
[Date "2024.04.23"]
[Round "1"]
[White "Larina_Maria"]
[Black "Alexchess1984"]
[Result "1-0"]
[WhiteElo "2348"]
[BlackElo "2630"]
[TimeControl "180+1"]
[EndTime "8:08:01 PDT"]
[Termination "Larina_Maria won on time"]

1. e4 c5 2. Nc3 g6 3. g3 Bg7 4. Bg2 Nc6 5. Nge2 Rb8 6. a4 a6 7. O-O d6 8. d3 b5 9. axb5 axb5 10. Be3 b4 11. Na4 Nd4 12. Nxd4 cxd4 13. Bd2 Nf6 14. c3 bxc3 15. bxc3 dxc3 16. Bxc3 O-O 17. Qd2 Bd7 18. Nb2 Be6 19. d4 d5 20. f3 Qb6 21. Na4 Qc6 22.
Nc5 Nd7 23. Ra6 Rb6 24. Ra5 Nxc5 25. dxc5 Bxc3 26. Qxc3 Rb5 27. Rxb5 Qxb5 28. f4 Rc8 29. Rc1 dxe4 30. Bxe4 Qe2 31. Qf3 Qd2 32. Qc3 Qe2 33. Qf3 Qd2 34. Qc3 Qxc3 35. Rxc3 h5 36. Kf2 Kg7 37. Ke3 Kf6 38. c6 Bf5 39. Bf3 Rc7 40.
Kd4 Rc8 41. Kc5 e5 42. Kb6 e4 43. Be2 Ke7 44. Ba6 Rb8+ 45. Bb7 Rf8 46. c7 Kd6 47. Rc6+ Ke7 48. c8=Q Bxc8 49. Rxc8 Rxc8 50. Bxc8 Kd6 51. Ba6 Kd5 52. Kc7 e3 53. Kd7 Kd4 54. Ke7 Ke4 55. Kxf7 Kf5 56. Bd3+ Kg4 57. Kxg6 h4 58. f5 hxg3 59.
hxg3 e2 60. Bxe2+ 1-0

[Event "Early-Titled-Tuesday-Blitz-April-23-2024"]
[Site "Chess.com"]
[Date "2024.04.23"]
[Round "1"]
[White "ChEsper99"]
[Black "wadsy27"]
[Result "1/2-1/2"]
[WhiteElo "2247"]
[BlackElo "2608"]
[TimeControl "180+1"]
[EndTime "8:08:01 PDT"]
[Termination "Game drawn - insufficient material"]

1. e4 e6 2. d4 d5 3. Nd2 Nf6 4. e5 Nfd7 5. Bd3 c5 6. c3 Nc6 7. Ne2 cxd4 8. cxd4 f6 9. exf6 Nxf6 10. O-O Bd6 11. Nf3 Qc7 12. h3 O-O 13. Be3 Bd7 14. Rc1 Be8 15. Ng5 Qe7 16. f4 h6 17. Nf3 Bh5 18.
Ng3 Bxf3 19. Qxf3 Rac8 20. f5 Bxg3 21. Qxg3 exf5 22. Bxf5 Rce8 23. Bxh6 Nxd4 24. Bd3 Ne4 25. Qg6 Rxf1+ 26. Rxf1 Rf8 27. Rxf8+ Qxf8 28. Be3 Nf5 29. Bxa7 Nfg3 30. Qe6+ Qf7 31. Qxf7+ Kxf7 32. Bd4 g6 33. Kh2 Ke6 34. Bxe4 Nxe4 35. g3 Nd6 36. g4 Nb5 37. Bf2 d4 38. Kg3 Kd5 39. Kf3 Nd6 40. h4 Nc4 41. h5 gxh5 42. gxh5 Nxb2 43. h6 Nd3 44. h7 Ne5+ 45. Kf4 Nf7 46. Kf5 d3 47. Kf6 d2 48. Kxf7 d1=Q 49. h8=Q Qe2 50. Qf6 Kc4 51. Qf4+ Kb5 52. Qd4 Qxa2+ 53. Kf6 Qa6+ 54. Kf5 Qc6 55. Ke5 b6 56. Qxb6+ Qxb6 57. Bxb6 1/2-1/2

[Event "Early-Titled-Tuesday-Blitz-April-23-2024"]
[Site "Chess.com"]
[Date "2024.04.23"]
[Round "1"]
[White "DanielNaroditsky"]
[Black "sakkikuska"]
[Result "1/2-1/2"]
[WhiteElo "3031"]
[BlackElo "2552"]
[TimeControl "180+1"]
[EndTime "8:08:04 PDT"]
[Termination "Game drawn by stalemate"]

1. e4 c5 2. c3 d5 3. exd5 Qxd5 4. d4 Nf6 5. Nf3 e6 6. Na3 Nc6 7. Be3 cxd4 8. Nb5 Qd7 9. Nbxd4 Nd5 10. Bd2 a6 11.
Nxc6 bxc6 12. c4 Nf6 13. Ne5 Qc7 14. Nd3 Bb7 15. Be2 c5 16. O-O Bd6 17. h3 O-O 18.
Bf3 Rfd8 19. Qe2 Bxf3 20. Qxf3 Rab8 21. Bc3 Be7 22. Be5 Bd6 23. Bxf6 gxf6 24. Qxf6 Bh2+ 25. Kh1 Rxd3 26. g3 Bxg3 27. fxg3 Qb7+ 28. Kh2 Qxb2+ 29. Qxb2 Rxb2+ 30. Kh1 Rxg3 31. Rad1 Rxh3+ 32. Kg1 Rg3+ 33. Kh1 Kg7 34. Rd7 Rh3+ 35. Kg1 Rg3+ 36. Kh1 Rg6 37. Rfxf7+ Kh6 38. Rxh7+ Kg5 39. Kg1 Kf4+ 40. Kf1 Ke3 41. Rh3+ Kf4 42. a3 Rgg2 43. Rf7+ Ke5 44. Re3+ Kd4 45.
Rxe6 Rgc2 46. Rf4+ Kd3 47. Re1 Rh2 48. Kg1 Rbg2+ 49.
Kf1 Rh1+ 50. Kxg2 Rxe1 51. Kf2 Re4 52. Rf6 a5 53. Ra6 Kxc4 54. Rxa5 Re8 55. Ra7 Kd4 56. a4 c4 57. Rd7+ Kc3 58. a5 Ra8 59. Rd5 Kb4 60.
Ke2 Rxa5 61. Rxa5 Kxa5 62. Kd2 Kb4 63. Kc2 c3 64. Kc1 Kc4 65. Kc2 Kb4 66. Kc1 Kb3 67. Kb1 c2+ 68. Kc1 Kc3 1/2-1/2

[Event "Early-Titled-Tuesday-Blitz-April-23-2024"]
[Site "Chess.com"]
[Date "2024.04.23"]
[Round "1"]
[White "Pelusiansky"]
[Black "DrVelja"]
[Result "0-1"]
[WhiteElo "2540"]
[BlackElo "3004"]
[TimeControl "180+1"]
[EndTime "8:08:05 PDT"]
[Termination "DrVelja won by resignation"]

1. Nf3 Nf6 2. b3 g6 3. Bb2 Bg7 4. g3 d6 5. Bg2 e5 6. d3 O-O 7. O-O Re8 8. Nbd2 a5 9. a4 Nc6 10.
e4 Nd7 11. Nc4 Nc5 12. Re1 h6 13. d4 exd4 14. Nxd4 Nxd4 15. Bxd4 Bg4 16. f3 Be6 17.
Bxg7 Kxg7 18. Qd4+ Kg8 19. Ne3 Qe7 20. Rad1 Rad8 21.
Bf1 Qf8 22. Bc4 Qg7 23. Qd2 b6 24. Bxe6 Nxe6 25. Nd5 h5 26. f4 Rd7 27. e5 dxe5 28.
Nf6+ Qxf6 29. Qxd7 Rd8 30. fxe5 Qg5 31. Qb5 Rxd1 32.
Rxd1 Qe3+ 33. Kg2 Qe4+ 34. Kg1 Ng5 35. Qd3 Nh3+ 36. Kf1 Qh1+ 37. Ke2 Qxh2+ 38. Kf3 Ng5+ 39. Kf4 Ne6+ 40. Ke3 Qxg3+ 41. Kd2 Qxe5 42. Re1 Qg5+ 43. Kd1 h4 44. Qd7 h3 45. Rxe6 Qg4+ 46. Kd2 Qxe6 47. Qd8+ Kg7 48. Qxc7 Qd5+ 49. Kc1 Qf5 50. Qxb6 h2 51.
Qd4+ Kg8 52. Qd8+ Kg7 53. Qd4+ f6 54. Qa7+ Kh6 55. Qe3+ Qg5 0-1

[Event "Early-Titled-Tuesday-Blitz-April-23-2024"]
[Site "Chess.com"]
[Date "2024.04.23"]
[Round "1"]
[White "klimkoj"]
[Black "krucki03"]
[Result "1-0"]
[WhiteElo "2913"]
[BlackElo "2518"]
[TimeControl "180+1"]
[EndTime "8:08:06 PDT"]
[Termination "klimkoj won on time"]

1. c4 e5 2. Nc3 Nf6 3. Nf3 Nc6 4.
e4 Bb4 5. d3 d6 6. a3 Bc5 7. b4 Bb6 8. Na4 Bd4 9. Rb1 Bg4 10. Be2 Bxf3 11. Bxf3 a6 12. O-O O-O 13. Be3 b5 14. Nb2 Nd7 15. Qc2 Bxe3 16. fxe3 Qg5 17. Rbe1 Ne7 18. cxb5 axb5 19. Qxc7 Rfd8 20. Qxd6 Rxa3 21. d4 Nc8 22. Qc6 Qe7 23. Qxb5 Rb3 24.
Qe2 Rxb4 25. Nd3 Ra4 26. Qf2 Nd6 27. Rc1 f6 28. Qc2 Rc4 29. Qb3 Qf7 30. Bh5 g6 31.
Bg4 f5 32. exf5 Rxc1 33. Nxc1 Qxb3 34. Nxb3 h5 35. Bh3 g5 36. g3 g4 37. Bg2 exd4 38. Nxd4 Ne5 39. Bd5+ Kh8 40. f6 Ndf7 41. Bxf7 Nxf7 42.
Rf5 Kh7 43. Rxh5+ Kg6 44. Rh4 Ne5 45. Kf2 Kxf6 46. Rh6+ Kg5 47. Ne6+ Kxh6 48. Nxd8 Kg5 49. Ne6+ Kf6 50. Nd4 Kg5 51. e4 Nc4 52. Ne2 Nd6 53. Ke3 Nc4+ 54. Kd4 Nd2 55. e5 Nf3+ 56. Kd5 Nxh2 57. e6 Kf6 58. Kd6 Nf3 59. e7 Kf7 60. Nf4 Ng5 61. Kd7 1-0

[Event "Early-Titled-Tuesday-Blitz-April-23-2024"]
[Site "Chess.com"]
[Date "2024.04.23"]
[Round "1"]
[White "LLariMarc"]
[Black "PeshkaCh"]
[Result "0-1"]
[WhiteElo "2494"]
[BlackElo "2871"]
[TimeControl "180+1"]
[EndTime "8:08:06 PDT"]
[Termination "PeshkaCh won by resignation"]

1. e4 e5 2. Nf3 Nc6 3. Bb5 a6 4. Ba4 Nge7 5. O-O Ng6 6. c3 d5 7. exd5 Qxd5 8. Re1 Bg4 9. d4 O-O-O 10. Bb3 Qd7 11. d5 Na5 12. c4 f5 13. h3 Bh5 14.
Nxe5 Bxd1 15. Nxd7 Bxb3 16. Nxf8 Bxc4 17. Nxg6 hxg6 18.
Nc3 Bxd5 19. Bg5 Rd7 20. Nxd5 Rxd5 21. Re7 Rd7 22. Rae1 Nc6 23. Re8+ Rxe8 24. Rxe8+ Nd8 25. Rg8 c5 26. Kh2 c4 27. Kg3 b5 28. Bxd8 Rxd8 29.
Rxg7 Rd2 30. Rxg6 Kb7 31. Re6 Rxb2 32. h4 Rxa2 33. Re1 Rd2 34. h5 Rd4 35. f3 c3 36.
h6 Rd6 37. Rh1 c2 38. h7 Rd8 39. Rc1 Rh8 40. Rxc2 Rxh7 41. Kf4 Rf7 42. Ke5 b4 43. Ke6 Rc7 44. Rb2 a5 45. Kxf5 Rc4 46. g4 a4 47. f4 a3 48. Ra2 Rc5+ 49. Ke4 Ra5 50. Kd3 b3 51. Ra1 b2 52. Rb1 a2 53. Rxb2+ Kc6 54.
Rxa2 Rxa2 55. Ke4 Ra5 56. f5 Ra4+ 57. Ke5 Rxg4 58. Ke6 Re4+ 59. Kf7 Kd7 60. f6 Rf4 0-1

[Event "Early-Titled-Tuesday-Blitz-April-23-2024"]
[Site "Chess.com"]
[Date "2024.04.23"]
[Round "1"]
[White "Kimkibo"]
[Black "Hope_6"]
[Result "1-0"]
[WhiteElo "2408"]
[BlackElo "2688"]
[TimeControl "180+1"]
[EndTime "8:08:06 PDT"]
[Termination "Kimkibo won by resignation"]

1. d4 d5 2. Nf3 Nf6 3. Bf4 c5 4. e3 cxd4 5. exd4 Nc6 6. c3 Bg4 7. Nbd2 e6 8. Bb5 Bd6 9. Bxc6+ bxc6 10. Bxd6 Qxd6 11. b4 O-O 12. O-O Rfb8 13. Qc2 Bf5 14. Qb3 a5 15. a3 Bd3 16. Rfe1 Ba6 17. Ne5 Nd7 18. Ndf3 Nxe5 19. Nxe5 f6 20. Nf3 Bc4 21. Qc2 Re8 22. h3 e5 23. dxe5 fxe5 24. Qf5 e4 25. Ng5 Qg6 26. Qxg6 hxg6 27. h4 axb4 28. axb4 Bd3 29.
g3 Kf8 30. Kg2 Ke7 31. Kh3 Kf6 32. Kg4 Be2+ 33. Kf4 Bd3 34. Ke3 Rec8 35. Kd4 Ke7 36. f3 Rxa1 37. Rxa1 Kd6 38. fxe4 dxe4 39. Nxe4+ Bxe4 40. Kxe4 Re8+ 41. Kd4 Re2 42. Rf1 Rd2+ 43. Kc4 Rg2 44.
Rf3 Ke5 45. Kc5 Ke4 46. Rf4+ Kd3 47. Kxc6 Kxc3 48. b5 Rxg3 49. b6 Kc2 50. b7 Rc3+ 51. Kd7 Rd3+ 52. Kc7 Rc3+ 53. Kb6 Rb3+ 54. Kc6 Rc3+ 55.
Kb5 Rb3+ 56. Rb4 Rxb4+ 57. Kxb4 g5 58. hxg5 1-0

[Event "Early-Titled-Tuesday-Blitz-April-23-2024"]
[Site "Chess.com"]
[Date "2024.04.23"]
[Round "1"]
[White "vladislavkovalev"]
[Black "Golubovsky"]
[Result "0-1"]
[WhiteElo "2849"]
[BlackElo "2505"]
[TimeControl "180+1"]
[EndTime "8:08:07 PDT"]
[Termination "Golubovsky won by resignation"]

1. e4 c5 2. Nf3 d6 3. Bb5+ Bd7 4. Bxd7+ Qxd7 5. c4 Nf6 6. Nc3 Nc6 7. d4 cxd4 8. Nxd4 g6 9. f3 Bg7 10. Be3 O-O 11. Rc1 Rfc8 12. b3 e6 13. O-O d5 14.
cxd5 exd5 15. exd5 Nb4 16. Qd2 Nfxd5 17. Nxd5 Nxd5 18.
Bf2 Rxc1 19. Rxc1 Rc8 20. Rxc8+ Qxc8 21. Nb5 Nc3 22. Nxa7 Qe6 23. g3 h5 24. Qd8+ Kh7 25.
Nc8 Qe2 26. Ne7 Nd1 27. Qg8+ Kh6 28. Bb6 Qxe7 29. Qc8 Qe1+ 30. Kg2 Qe2+ 31. Kg1 Qxf3 32. Qd7 Ne3 33. Bxe3+ Qxe3+ 34. Kg2 Qe2+ 35. Kg1 Qxa2 36. Qxf7 Qa1+ 37. Kg2 Qb2+ 38. Kh3 b5 39. Qd5 Qe5 40. Qd3 Qf5+ 41. Qxf5 gxf5 42. Kg2 Kg5 43. Kf3 Be5 44.
h3 h4 45. gxh4+ Kxh4 46. Kg2 Bd6 47. Kf3 Kxh3 48. Ke3 Kg2 49. Kd4 f4 50. Kd5 Bb8 51.
Kc6 f3 52. Kxb5 f2 53. b4 f1=Q+ 54. Kc6 Qa6+ 55. Kc5 Ba7+ 56. Kd5 Qb5+ 57. Ke6 Qxb4 58. Kd7 Qb6 0-1

[Event "Early-Titled-Tuesday-Blitz-April-23-2024"]
[Site "Chess.com"]
[Date "2024.04.23"]
[Round "1"]
[White "yobdc"]
[Black "x-7171385435"]
[Result "1-0"]
[WhiteElo "2601"]
[BlackElo "2138"]
[TimeControl "180+1"]
[EndTime "8:08:07 PDT"]
[Termination "yobdc won on time"]

1. d4 d5 2. Nc3 Nf6 3. Bf4 e6 4. e3 a6 5. Nf3 c5 6. dxc5 Bxc5 7. Bd3 Nc6 8. O-O O-O 9. h3 Bd6 10. Bxd6 Qxd6 11. e4 dxe4 12. Nxe4 Nxe4 13. Bxe4 Qf4 14. Bxc6 bxc6 15. Qd4 Qxd4 16. Nxd4 Bb7 17. Nb3 a5 18. Nc5 Ba6 19. Rfd1 a4 20. b3 axb3 21. axb3 Be2 22. Rxa8 Rxa8 23. Rd6 g6 24. f3 Ra1+ 25. Kf2 Bd1 26.
c4 Rb1 27. Rd3 Bc2 28. Rc3 Bd1 29. Ke3 Kf8 30. Kd2 Ke7 31. Rc1 Rxc1 32. Kxc1 Be2 33.
h4 Bf1 34. g3 f5 35. Kd2 e5 36.
Ke3 Kd6 37. Nb7+ Ke6 38. Na5 h6 39. b4 g5 40. hxg5 hxg5 41. f4 gxf4+ 42. gxf4 exf4+ 43. Kxf4 Bd3 44. Ke3 Bf1 45. Kd4 Kf6 46. Nxc6 Kg5 47. b5 f4 48. b6 1-0

[Event "Early-Titled-Tuesday-Blitz-April-23-2024"]
[Site "Chess.com"]
[Date "2024.04.23"]
[Round "1"]
[White "JRenatoMaranhao"]
[Black "masnyszachistaaa"]
[Result "0-1"]
[WhiteElo "2030"]
[BlackElo "2574"]
[TimeControl "180+1"]
[EndTime "8:08:07 PDT"]
[Termination "masnyszachistaaa won by resignation"]

1. e4 e6 2. d4 d5 3. Nc3 Bb4 4. exd5 exd5 5. a3 Be7 6. Bd3 Nf6 7. Nge2 Bg4 8. f3 Bh5 9. Bf4 c6 10. g4 Bg6 11. Bxg6 hxg6 12. Qd3 Na6 13. O-O-O Qd7 14. Bg3 O-O-O 15. Nf4 Bd6 16. Rhe1 Nc7 17. Kb1 Rde8 18. Re2 Rxe2 19. Qxe2 Re8 20. Qf2 Ne6 21. Nd3 Bxg3 22. hxg3 Qe7 23. Re1 Nd7 24. f4 Qf8 25. f5 gxf5 26. gxf5 Ng5 27. Rxe8+ Qxe8 28. Qf4 f6 29.
Na4 b6 30. Nc3 Qe7 31. Nb4 Kb7 32. Qf2 Ne4 33. Nxe4 Qxe4 34. Nd3 Nf8 35. Qf4 Qe7 36.
Ka2 Nh7 37. b3 Ng5 38. Nf2 a5 39. Kb2 Kc8 40. Qh4 Kb7 41. Qf4 Qc7 42. Qxc7+ Kxc7 43. Kc3 Kd6 44. Kd3 c5 45. c3 Nf3 46. Ke3 Ng5 47. Ng4 Ne4 48. dxc5+ bxc5 49. c4 Nxg3 50. Kf4 Ne2+ 51. Ke3 Nd4 52. cxd5 Kxd5 53. Kd3 Nxf5 54. Ne3+ Nxe3 55. Kxe3 g5 56. Kf3 f5 57. Kg3 Kd4 58.
Kf3 Kc3 59. b4 cxb4 0-1

[Event "Early-Titled-Tuesday-Blitz-April-23-2024"]
[Site "Chess.com"]
[Date "2024.04.23"]
[Round "1"]
[White "Kirill_Klukin"]
[Black "wild3000"]
[Result "1-0"]
[WhiteElo "2842"]
[BlackElo "2480"]
[TimeControl "180+1"]
[EndTime "8:08:08 PDT"]
[Termination "Kirill_Klukin won by resignation"]

1. d4 Nf6 2. c4 e6 3. Nc3 d5 4. cxd5 exd5 5. Bg5 Be7 6. e3 O-O 7. Bd3 c6 8. Qc2 Nbd7 9. Nf3 h6 10. Bf4 Nh5 11. Be5 Nxe5 12. dxe5 g6 13. h3 Ng7 14. g4 Bb4 15. O-O-O Qa5 16. Nd4 Bxc3 17. Qxc3 Qxc3+ 18. bxc3 Re8 19. f4 a6 20. Kd2 Bd7 21. Nb3 b6 22. e4 Be6 23. Nd4 Rac8 24. Rhf1 dxe4 25. Nxe6 Nxe6 26. Bxe4 Nc5 27. Bg2 g5 28. fxg5 hxg5 29.
Rf5 Red8+ 30. Kc2 Rxd1 31. Kxd1 Ne6 32. Rf2 b5 33. Kc2 a5 34. Rd2 Nf4 35. Bf1 Re8 36. Rd6 Rxe5 37. Rxc6 b4 38. cxb4 axb4 39. Rc7 Re4 40. Bc4 Ne6 41. Bxe6 Rxe6 42. Kb3 Re3+ 43. Kxb4 Rxh3 44. a4 f5 45. a5 Rh4 46. a6 Rxg4+ 47. Rc4 Rg1 48. a7 Ra1 49. Rc8+ Kg7 50. a8=Q Rxa8 51. Rxa8 Kf6 52. Kc3 g4 53. Kd3 Kg5 54. Ke3 Kh4 55. Kf4 Kh3 56. Rg8 Kg2 57. Kxf5 g3 58.
Kf4 Kh2 59. Rxg3 1-0

[Event "Early-Titled-Tuesday-Blitz-April-23-2024"]
[Site "Chess.com"]
[Date "2024.04.23"]
[Round "1"]
[White "Aryan_Tamadon"]
[Black "margarita_2703"]
[Result "1-0"]
[WhiteElo "2629"]
[BlackElo "2303"]
[TimeControl "180+1"]
[EndTime "8:08:08 PDT"]
[Termination "Aryan_Tamadon won by resignation"]

1. Nf3 d5 2. e3 Nf6 3. d4 e6 4. Bd3 Bd6 5. O-O c5 6. Nbd2 Nc6 7. c3 e5 8. dxc5 Bxc5 9. e4 dxe4 10. Nxe4 Nxe4 11.
Bxe4 Qc7 12. Qc2 h6 13. b4 Bd6 14. Rd1 O-O 15. a4 Be6 16. Qe2 Ne7 17. Bb2 f5 18. Bd3 e4 19. Nd4 Bc8 20. Bc4+ Kh7 21. Nb5 Bxh2+ 22. Kh1 Qf4 23. g3 Bxg3 24. fxg3 Qxg3 25.
Qh2 Qxh2+ 26. Kxh2 f4 27. Nd6 e3 28. Bd3+ g6 29. Rf1 Bg4 30. c4 Rad8 31. c5 b6 32. Be5 bxc5 33. bxc5 Nd5 34. Bc4 e2 35. Rf2 Ne3 36. Bxe2 g5 37. Ra3 Be6 38. Kg1 Bf5 39. Bd4 Nc2 40. Rd3 Bg6 41. Rd2 Nb4 42. Bf1 Rd7 43. Bc3 Nc6 44. Bb5 Rc7 45. Rfe2 f3 46. Re3 g4 47. Bxc6 Rxc6 48. Re7+ Bf7 49. Nxf7 Rcc8 50.
Nd6+ Kg6 51. Kf2 Rb8 52. Rg7+ Kh5 53. Kg3 f2 54. Rd5+ 1-0

[Event "Early-Titled-Tuesday-Blitz-April-23-2024"]
[Site "Chess.com"]
[Date "2024.04.23"]
[Round "1"]
[White "Manukyan_Artak"]
[Black "Rakhmanov_Aleksandr"]
[Result "0-1"]
[WhiteElo "2486"]
[BlackElo "2864"]
[TimeControl "180+1"]
[EndTime "8:08:09 PDT"]
[Termination "Rakhmanov_Aleksandr won by resignation"]

1. e4 d5 2. exd5 c6 3. d6 Qxd6 4. d4 e5 5. dxe5 Qxe5+ 6. Qe2 Nd7 7. Nf3 Qxe2+ 8. Bxe2 Ngf6 9. Nc3 Bb4 10. Bd2 O-O 11. O-O-O Re8 12. Rhe1 Nf8 13. h3 Bf5 14. Bc4 Be6 15.
Bd3 Rad8 16. Ng5 h6 17. Nxe6 Nxe6 18. g3 Ng5 19. Bxg5 hxg5 20. Rxe8+ Rxe8 21. Ne2 Bc5 22. Rf1 g6 23. Kd1 Kg7 24. Nc3 Rh8 25. Ne4 Nxe4 26. Bxe4 Rxh3 27. Ke2 Rh2 28. g4 Kf6 29. Kf3 Ke5 30. Bd3 f5 31. Re1+ Kf6 32. Re2 Rh3+ 33. Kg2 fxg4 34. b4 Bxb4 35. Re4 Bd6 36. Rxg4 Rh2+ 37. Kf1 Bf4 38. Rg2 Rh7 39. Ke2 Re7+ 40. Kf3 Re1 41. a4 a5 42. Rg4 Ra1 43. Rg2 Rxa4 44.
Rg1 Rb4 45. Rh1 a4 46. Rh6 b5 47. Rxg6+ Ke5 48. Rxc6 a3 49. Ra6 Ra4 50. Rxa4 bxa4 51.
Bc4 Kd4 52. Be6 Kc3 53. Ke2 Kxc2 54. Ke1 Kb2 55. Kd1 a2 0-1

[Event "Early-Titled-Tuesday-Blitz-April-23-2024"]
[Site "Chess.com"]
[Date "2024.04.23"]
[Round "1"]
[White "The_Machine04"]
[Black "NajdorfPlayerc5"]
[Result "1-0"]
[WhiteElo "2751"]
[BlackElo "2432"]
[TimeControl "180+1"]
[EndTime "8:08:09 PDT"]
[Termination "The_Machine04 won on time"]

1. d4 Nf6 2. Nf3 e6 3. Nbd2 d5 4. e3 Bd6 5. Bd3 c5 6. c3 Nc6 7. O-O O-O 8. dxc5 Bxc5 9. b4 Bd6 10. Bb2 Qe7 11. a3 Rd8 12. c4 dxc4 13. Nxc4 Bc7 14. Qc2 h6 15. Ncd2 a6 16. Rfd1 Bd7 17. Rac1 Rac8 18. Qb1 Bb8 19. Ne4 Nxe4 20. Bxe4 Be8 21. Qa1 f6 22. Qb1 Rxd1+ 23. Rxd1 Rd8 24. Rc1 Qd6 25.
g3 Bh5 26. Kg2 Bxf3+ 27. Bxf3 Rc8 28. Qg6 Qe7 29. Rd1 Ne5 30. Bxe5 Bxe5 31. Qe4 b6 32. Rd3 a5 33. bxa5 bxa5 34. Rb3 a4 35. Qxa4 Bd6 36. Qe4 Kf7 37. a4 Rc7 38. a5 Ra7 39. Rb5 Bc7 40. Qa4 Qd8 41. a6 Qc8 42. Bb7 Qd7 43. Qc4 Bd6 44. Rb3 Ke7 45. Rd3 Qc7 46. Qxc7+ Bxc7 47. f4 e5 48. Kf3 exf4 49. gxf4 Bb6 50. Ke4 Bc7 51.
Kf5 Bb6 52. Kg6 Kf8 53. e4 Bc7 54. Rf3 Bd6 55. h4 Bc7 56. h5 Bb8 57. e5 fxe5 58. fxe5+ Ke7 59. Kxg7 Bxe5+ 60. Kxh6 Kd6 61. Kg6 Bd4 62. h6 Ke7 63. h7 Bb2 64. Rf7+ Kd6 65. Rf8 Bc3 66. h8=Q Bxh8 67. Rxh8 Kc7 68. Kf5 Kb6 69.
Ke6 Kc7 70. Kd5 Kb6 71. Rh6+ Kc7 72. Kc5 Kb8 73. Rh8+ Kc7 74. Rc8+ Kd7 75. Kb6 1-0

[Event "Early-Titled-Tuesday-Blitz-April-23-2024"]
[Site "Chess.com"]
[Date "2024.04.23"]
[Round "1"]
[White "ProtectiveCarrot"]
[Black "Alexei_Gubajdullin"]
[Result "1-0"]
[WhiteElo "2332"]
[BlackElo "2617"]
[TimeControl "180+1"]
[EndTime "8:08:10 PDT"]
[Termination "ProtectiveCarrot won by checkmate"]

1. d4 Nf6 2. Nc3 g6 3. e4 d6 4.
Nf3 Bg7 5. Be2 O-O 6. O-O Nc6 7. d5 Nb8 8. Be3 Bg4 9. a4 a5 10. Re1 Bxf3 11. Bxf3 Nfd7 12. Be2 c6 13. Qd2 Re8 14.
f4 Na6 15. Bc4 Ndc5 16. Bd4 Bxd4+ 17. Qxd4 Qb6 18. Kh1 Nxa4 19. Qd2 Nxb2 20. Ba2 a4 21. e5 a3 22. exd6 exd6 23. Ne4 Rxe4 24. Rxe4 Nc5 25. Re7 Rf8 26. Rae1 Qd8 27. Qc3 Nd1 28. Qf6 Nf2+ 29. Kg1 Nce4 30. Qh4 g5 31. fxg5 Qxe7 32. Qxf2 cxd5 33. Bxd5 Nxf2 34. Rxe7 Ng4 35. Rxb7 Ne5 36. Ra7 Rc8 37. c4 Kg7 38. h4 Kg6 39. Kh2 Kh5 40.
Kh3 Kg6 41. Kg3 f6 42. Be4+ f5 43. Bd5 Rf8 44. Kf4 Nd3+ 45. Kg3 f4+ 46. Kg4 Ne5+ 47. Kh3 f3 48. gxf3 Nxf3 49. Kg4 Ne5+ 50. Kg3 Rf3+ 51. Bxf3 Nxc4 52. Ra4 Nb2 53. Rxa3 Nc4 54.
Ra7 h6 55. Be4+ Kh5 56. g6 Nd2 57. Ra5+ d5 58. Rxd5# 1-0

[Event "Early-Titled-Tuesday-Blitz-April-23-2024"]
[Site "Chess.com"]
[Date "2024.04.23"]
[Round "1"]
[White "francyIM"]
[Black "agustinv04"]
[Result "0-1"]
[WhiteElo "2814"]
[BlackElo "2490"]
[TimeControl "180+1"]
[EndTime "8:08:12 PDT"]
[Termination "agustinv04 won by resignation"]

1. Nf3 d5 2. e3 Nf6 3. c4 c6 4. Nc3 e6 5. b3 Nbd7 6. Bb2 b6 7. g3 Bb7 8. Bg2 Be7 9. O-O dxc4 10. bxc4 c5 11. d3 O-O 12. Qe2 Rc8 13. Rfd1 Qc7 14. a4 Rfd8 15. a5 Bc6 16. axb6 axb6 17. Ne1 Bxg2 18. Kxg2 Ne5 19. f4 Qb7+ 20. Kg1 Nc6 21. Nb5 Ra8 22. Bc3 Ne8 23. Qb2 Bf6 24. d4 Rxa1 25.
Rxa1 cxd4 26. exd4 h5 27. Nd3 Nd6 28. Nxd6 Rxd6 29.
Ne5 Qc7 30. c5 bxc5 31. dxc5 Rd5 32. Qb6 Bxe5 33. fxe5 Qd7 34. Qb1 g6 35. Ra8+ Kg7 36. Qe4 Rxc5 37. Qf3 Qe7 38. Qe3 Rc4 39. Ra1 Qc5 40.
Qxc5 Rxc5 41. Bb2 g5 42. Re1 Rc2 43. Bc1 Kg6 44. Kh1 Nd4 45. Rf1 g4 46. Rf6+ Kg7 47.
Bh6+ Kg8 48. Kg1 Nf3+ 49. Kf1 Rxh2 50. Bf4 Kg7 51. Rh6 Nxe5 0-1

[Event "Early-Titled-Tuesday-Blitz-April-23-2024"]
[Site "Chess.com"]
[Date "2024.04.23"]
[Round "1"]
[White "manitodeplomo"]
[Black "northridgehawk"]
[Result "1/2-1/2"]
[WhiteElo "2640"]
[BlackElo "2343"]
[TimeControl "180+1"]
[EndTime "8:08:13 PDT"]
[Termination "Game drawn - insufficient material"]

1. d4 Nf6 2. c4 g6 3. Nc3 d5 4. Bf4 Bg7 5. e3 O-O 6. Rc1 Be6 7. c5 c6 8. h3 b6 9. b4 a5 10. a3 axb4 11. axb4 bxc5 12. bxc5 Bc8 13. Nf3 Nfd7 14. Be2 Re8 15. O-O e5 16. Bh2 Ba6 17.
Bxa6 Nxa6 18. Qb3 Qc7 19. Rb1 Reb8 20. Qc2 Nb4 21. Qd2 Qa5 22. Rb3 Na6 23. Rfb1 Nc7 24. Rxb8+ Rxb8 25. Rxb8+ Nxb8 26. Bxe5 Bxe5 27. Nxe5 Ne6 28.
Qb2 Qc7 29. Qb6 Qc8 30. Na2 f6 31. Nd3 Nd7 32. Qa7 Qc7 33. Qxc7 Nxc7 34. Ndb4 Nb8 35. Nc3 Kf7 36. f3 Ke6 37. Kf2 f5 38. g4 h6 39.
Kg3 Ne8 40. gxf5+ Kxf5 41. e4+ dxe4 42. fxe4+ Ke6 43. h4 Nf6 44. Kf4 Nh5+ 45. Kg4 Nf6+ 46. Kf3 Nfd7 47. Nd3 Na6 48. Ke3 Kf6 49. Nb2 Nb4 50.
Nc4 g5 51. hxg5+ Kxg5 52. Na5 h5 53. Ne2 h4 54. Kf3 Nf6 55. e5 Nfd5 56. Ke4 h3 57. Kf3 Kf5 58. Nc4 h2 59. Ng3+ Kg5 60.
Kg2 Kf4 61. Ne2+ Kg4 62. Kxh2 Nc2 63. Nc1 Kf3 64. Nd3 Ke4 65. Ndb2 Kxd4 66. e6 Kxc5 67. Kg3 Nd4 68. Ne5 Nxe6 69. Nxc6 Kxc6 70. Kg2 Kd6 71.
Nd3 Nf6 72. Ne5 Kxe5 1/2-1/2

[Event "Early-Titled-Tuesday-Blitz-April-23-2024"]
[Site "Chess.com"]
[Date "2024.04.23"]
[Round "1"]
[White "Polish_fighter3000"]
[Black "toninhojit"]
[Result "1-0"]
[WhiteElo "3103"]
[BlackElo "2553"]
[TimeControl "180+1"]
[EndTime "8:08:16 PDT"]
[Termination "Polish_fighter3000 won on time"]

1. b3 d5 2. Bb2 Nf6 3. g3 g6 4.
Nf3 Bg7 5. c4 O-O 6. cxd5 Nxd5 7. Bxg7 Kxg7 8. Bg2 b6 9. O-O Bb7 10. d4 Nf6 11. Nc3 Ne4 12. Nxe4 Bxe4 13. Qd2 Qd5 14. Rac1 c6 15. Rfd1 Nd7 16. Qf4 Rac8 17. Ne1 Bxg2 18.
Nxg2 Nf6 19. Ne3 Qa5 20. Rc2 Rfd8 21. Rdc1 Qb4 22. Rc4 Qd6 23. Qxd6 Rxd6 24. Nc2 Rcd8 25. e3 Nd7 26. b4 e5 27. Kg2 b5 28. Rc3 Nb6 29.
dxe5 Rd2 30. Rxc6 Nc4 31. Rc7 Nxe5 32. Nd4 Kf6 33. R1c2 Rxc2 34. Rxc2 a6 35. Rc7 Ra8 36.
f4 Nc4 37. Kf3 Re8 38. Nc2 Rd8 39. Rc6+ Kg7 40. Nd4 Re8 41. Nc2 Rd8 42. Rxa6 Rd2 43. Nd4 Rxh2 44. Ke4 Nd2+ 45. Kd3 Nf1 46. g4 Rd2+ 47. Ke4 f5+ 48. gxf5 Ng3+ 49. Ke5 Rd3 50. f6+ Kh6 51. f5 Rxe3+ 52. Kf4 Rd3 53. f7 Nh5+ 54. Ke5 Kg7 55. Ra7 Re3+ 56. Kd6 Nf6 57. Ne6+ Kh6 58.
f8=Q+ 1-0

[Event "Early-Titled-Tuesday-Blitz-April-23-2024"]
[Site "Chess.com"]
[Date "2024.04.23"]
[Round "1"]
[White "Nimrod_Veinberg"]
[Black "Zampronha1971"]
[Result "1-0"]
[WhiteElo "2746"]
[BlackElo "2431"]
[TimeControl "180+1"]
[EndTime "8:08:17 PDT"]
[Termination "Nimrod_Veinberg won on time"]

1. e4 c5 2. Nf3 e6 3. c3 Nf6 4. e5 Nd5 5. d4 cxd4 6. cxd4 b6 7. Bc4 Bb7 8. O-O d6 9. Nc3 Nxc3 10. bxc3 Nd7 11.
Re1 Qc7 12. Bd3 dxe5 13. Nxe5 Nxe5 14. Rxe5 Bd6 15. Bb5+ Bc6 16. Bxc6+ Qxc6 17. Re3 O-O 18. Qd3 Rac8 19. Rh3 g6 20. Bg5 Qd5 21. Bf6 Qf5 22.
Qxf5 exf5 23. Re3 Rfe8 24. Rae1 Rxe3 25. Rxe3 h6 26. h4 Kf8 27. d5 Rc4 28. Kf1 Bc5 29. Re2 Bd6 30. Ke1 Rc5 31. Rd2 h5 32. Ke2 Ke8 33. g3 Kd7 34. Kf3 Rc4 35. Bd4 Bc5 36.
Kf4 Bxd4 37. cxd4 f6 38. Ke3 Kd6 39. Rb2 Kxd5 40. Rb5+ Kd6 41. Rb3 Rc2 42. Ra3 a5 43. Rb3 Kc6 44. d5+ Kxd5 45. Rxb6 Rxa2 46. Rxf6 a4 47.
Rxg6 a3 48. Ra6 Ra1 49. Ke2 a2 50. Kf3 Ke5 51. Ra5+ Ke6 52. Kf4 Kd6 53. Ra6+ Kc7 54. Kxf5 Kb7 55. Ra3 Kb6 56. Kg5 Kb5 57. Kxh5 Kb4 58.
Ra8 Rf1 59. Rxa2 Kb3 60. Re2 1-0